Construct Weapon Support Center
Selects Advanced Infantry Battlegroup
Selects Advanced Infantry Battlegroup
Selects Artillery Observers
M3 Armored Personnel Carrier
Construct Medical Station
Selects M2A1 105mm Howitzer Emplacement
Selects Convert to Ranger Squad
Selects Designate Assault Position
Improved M9 Bazooka Rockets
M18 Hellcat Tank Destroyer
M18 Hellcat Tank Destroyer
M18 Hellcat Tank Destroyer
M18 Hellcat Tank Destroyer
Designate Assault Position